 Dungeon Crawl Stone Soup version 0.32-a0-422-g28b100f618 (webtiles) character file.

Game seed: 398450636173315045

554 ezpacito the Chopper (level 7, -1/46 (54) HPs)
             Began as a Coglin Chaos Knight on Feb 21, 2024.
             Was a Plaything of Xom.
             Succumbed to an orc wizard's poison
             ... on level 4 of the Dungeon.
             The game lasted 00:08:52 (2634 turns).

ezpacito the Chopper (Coglin Chaos Knight)          Turns: 2634, Time: 00:08:52

HP:   -1/46 (54)    AC: 10    Str: 18    XL:     7   Next: 30%
MP:   9/10          EV: 12    Int: 15    God:    Xom [.*....]
Gold: 232           SH:  0    Dex: 19    Spells: 2/10 levels left

rFire   . . .        a - +0 hand axe (chaos) {Wigmund}
rCold   . . .        f - +0 broad axe {Yuphin}
rNeg    . . .        b - +2 leather armour
rPois   .            g - +2 hat
rElec   +            q - +2 cloak of the Trout {rElec Int+3 Dex+4}
rCorr   .            (no gloves)
SInv    .            (no boots)
Will    .....        u - amulet of the acrobat
Stlth   ++           e - +6 ring of strength
HPRegen 0.27/turn    n - ring of wizardry
MPRegen 0.12/turn

%: acrobat, wizardry (x1)
@: lethally poisoned (-1 -> -36), weak-willed, heavily drained, revving
A: off-hand wielding, slow wielding, warmup strikes, legs shutdown
a: Renounce Religion


You were on level 4 of the Dungeon.
You worshipped Xom.
You were a plaything of Xom.
You visited 1 branch of the dungeon, and saw 4 of its levels.

You collected 232 gold pieces.

Inventory:

Hand Weapons
 a - a +0 hand axe of chaos (weapon) {Wigmund}
 f - a +0 broad axe (offhand) {Yuphin}
Missiles
 h - 6 boomerangs (quivered)
Armour
 b - a +2 leather armour (worn)
 g - a +2 hat (worn)
 q - the +2 cloak of the Trout (worn) {rElec Int+3 Dex+4}
   (You found it on level 3 of the Dungeon)

   Int+3:     It affects your intelligence (+3).
   Dex+4:     It affects your dexterity (+4).
   rElec:     It insulates you from electricity.
 r - a +0 helmet
 v - a +0 plate armour
Jewellery
 e - a +6 ring of strength (left grasper)
 n - a ring of wizardry (right grasper)
 u - an amulet of the acrobat (around neck)
Wands
 m - a wand of charming (11)
Scrolls
 d - 3 scrolls of teleportation
 i - a scroll of vulnerability
 j - 3 scrolls of amnesia
 k - 2 scrolls of poison {unknown}
 l - a scroll of noise {unknown}
 p - 2 scrolls of silence {unknown}
 x - a scroll of enchant armour {unknown}


   Skills:
 * Level 4.1 Fighting
 + Level 0.3 Short Blades
 * Level 4.1 Axes
 * Level 2.9 Armour
 * Level 2.3 Dodging
 + Level 1.2 Stealth
 * Level 2.2 Unarmed Combat
 * Level 2.0 Spellcasting
 + Level 1.3 Necromancy
 * Level 2.0 Evocations


You had 2 spell levels left.
You knew the following spells:

 Your Spells              Type           Power      Damage    Failure   Level
a - Kiss of Death         Conj/Necr      12%        2d6       9%          1
b - Confusing Touch       Hex            1%         N/A       30%         3
c - Dispel Undead         Necr           5%         3d7       50%         4

Your spell library contained the following spells:

 Spells                   Type           Power      Damage    Failure   Level


Dungeon Overview and Level Annotations

Branches:
Dungeon (4/15)
 Temple: D:4-7

Altars:
Elyvilon


Innate Abilities, Weirdness & Mutations

You can wield a second weapon in your off-hand.
It takes a long time for you to wield or remove held weapons.
Your first few attacks do less damage.
Attacking and casting redirects power from your legs.


Message History

Unknown command.
You aren't carrying any potions.
Casting: Kiss of Death (safe; 9% risk of failure)
Confirm with . or Enter, or press ? or * to list all spells.
Aiming: Kiss of Death (safe; 9% risk of failure)
Press: ? - help, Shift-Dir - straight line, p - orc The fragment of death hits something.
You feel drained.
You feel extremely sick.
You kill the orc!
The orc hits you but does no damage. Something hits you.
You are more poisoned.
You cannot move.
Unknown command.
You slash the black bear with your +0 broad axe!
The black bear is moderately wounded.
You hit something but do no damage.
You slash the black bear with your +0 hand axe of chaos!
You hit something but do no damage.
Nothing appears to happen.
You hear a shout!
You feel extremely sick. The orc closely misses you. The black bear bites you.
The black bear claws you. The black bear misses you. Something hits you.
You are more poisoned.
You aren't carrying any potions.
As you read the scroll labelled KUPOUHIBARO, it dissolves into smoke.
It was a scroll of fog.
You are no longer unable to travel.
* * * LOW HITPOINT WARNING * * *
You feel extremely sick.
The orc hits you from afar with a +0 trident.
* * * LOW HITPOINT WARNING * * *
The black bear closely misses you.
The black bear claws you but does no damage. x2
Something hits you but does no damage.
You are more poisoned.
As you read the scroll labelled VAYSYA BIXT, it crumbles to dust.
A wave of despondency washes over your surroundings.
It was a scroll of vulnerability.
You die...
Xom chortles!

.................................
.................................
.........#####+###.....#########.
.........'.......#..... #.
.........#.......#..... #.
.........#.......# #.
.........#....§§.# #.
..)......######§## #.
###......#....){@#
#......#....ogh§.....#
#......#....§..#.....#
#......#.......#.....#
#......#.......# ....#
#......#.##....# ....# #+ #....#
...# .....# ...#


You could see a black bear (weak-willed), an orc (weak-willed) and a goblin
(weak-willed).

Vanquished Creatures
  Grinder (D:3)
  3 killer bees (D:4)
  Jessica (D:3)
  Ijyb (D:3)
  Robin (D:3)
  4 adders
  2 ribbon worms (D:2)
  A dart slug (D:3)
  4 orcs
  5 ball pythons
  3 bats
  6 endoplasms
  A giant cockroach (D:3)
  10 goblins
  11 hobgoblins
  5 kobolds
  4 quokkas
  2 frilled lizards (D:1)
  5 rats
70 creatures vanquished.

Notes
Turn   | Place    | Note
-------+----------+-------------------------------------------
     0 | D:1      | ezpacito the Coglin Chaos Knight began the quest for the
                  | Orb.
     0 | D:1      | Reached XP level 1. HP: 18/18 MP: 1/1
    54 | D:1      | Reached skill level 1 in Dodging
   113 | D:1      | Reached XP level 2. HP: 21/24 MP: 2/2
   394 | D:1      | Reached XP level 3. HP: 29/29 MP: 3/3
   725 | D:1      | XOM: silly message
   817 | D:2      | Reached skill level 1 in Unarmed Combat
   873 | D:2      | Learned a level 1 spell: Kiss of Death
   964 | D:2      | XOM: 8-stop teleportation journey
   984 | D:2      | Reached XP level 4. HP: 30/35 MP: 5/5
  1283 | D:3      | Identified the +2 cloak of the Trout {rElec Int+3 Dex+4}
  1347 | D:3      | Noticed Robin
  1355 | D:3      | Reached skill level 1 in Spellcasting
  1366 | D:3      | Killed Robin
  1408 | D:3      | Reached XP level 5. HP: 38/39 MP: 6/6
  1433 | D:3      | Noticed Ijyb
  1450 | D:3      | Killed Ijyb
  1486 | D:3      | Found a white marble altar of Elyvilon.
  1655 | D:3      | Noticed Grinder
  1658 | D:3      | XOM: noise
  1661 | D:3      | XOM: swap monsters
  1664 | D:3      | Paralysed by Grinder for 3 turns
  1665 | D:3      | XOM: confusion (+ monsters)
  1681 | D:3      | Killed Grinder
  1682 | D:3      | Reached skill level 1 in Stealth
  1682 | D:3      | Reached skill level 1 in Necromancy
  1682 | D:3      | Reached skill level 1 in Evocations
  1682 | D:3      | Reached XP level 6. HP: 46/48 MP: 8/8
  2130 | D:3      | Noticed Jessica
  2135 | D:3      | Killed Jessica
  2273 | D:4      | Learned a level 3 spell: Confusing Touch
  2278 | D:4      | Learned a level 4 spell: Dispel Undead
  2293 | D:4      | Reached XP level 7. HP: 28/54 MP: 9/9
  2307 | D:4      | XOM: confusion (+ monsters)
  2311 | D:4      | XOM: silly message
  2507 | D:4      | XOM: scenery: 1 doors close
  2634 | D:4      | Succumbed to an orc wizard's poison

Illustrated notes

Levels and vault maps discovered:
D:1:      dpeg_arrival_tiny_k, layout_basic
D:2:      layout_rooms, minmay_misc_feat_columns
D:3:      layout_basic, marbit_many_paths, kennysheep_generic_room_2,
          uniq_jessica, uniq_robin, uniq_ijyb, uniq_grinder
D:4:      layout_gridville, kennysheep_decorative_pillar

Skill      XL: |  1  2  3  4  5  6  7 |
---------------+----------------------+-----
Dodging        | 1 2 |  2.3
Armour         | 2 |  2.9
Unarmed Combat | 1 2 |  2.2
Spellcasting   | 1 2 |  2.0
Axes           | 4 |  4.1
Stealth        | 1 |  1.2
Necromancy     | 1 |  1.3
Evocations     | 1 2 |  2.0
Fighting       | 4 |  4.1
Short Blades   | |  0.3

Action                     |  1- 3 |  4- 6 |  7- 9 || total
---------------------------+-------+-------+-------++-------
  Melee: Hand axe          |    62 |    80 |    10 ||   152
         Short sword       |    31 |    67 |       ||    98
         Rapier            |       |    11 |     7 ||    18
         Broad axe         |       |       |     4 ||     4
   Cast: Kiss of Death     |       |     1 |     1 ||     2
    Use: Scroll            |     2 |     1 |     3 ||     6
         Potion            |       |     4 |     2 ||     6
   Stab: Sleeping          |     1 |       |       ||     1
         Confused          |       |     4 |       ||     4
         Distracted        |       |     1 |       ||     1
 Armour: Leather armour    |    24 |    61 |    34 ||   119
  Dodge: Dodged            |    33 |    76 |    20 ||   129

Table legend: (Time is in decaauts)
 A = Elapsed time spent in this place.
 B = Non-inter-level travel time spent in this place.
 C = Inter-level travel time spent in this place.
 D = Time resting spent in this place.
 E = Time spent auto-exploring this place.
 F = Levels seen in this place.
 G = Mean time per level.
                   A        B        C        D        E       F      G
               +--------+--------+--------+--------+--------+-----+--------+
         Total |   2654 |   2473 |    181 |    148 |   1780 |   4 |  663.5 |
       Dungeon |   2654 |   2473 |    181 |    148 |   1780 |   4 |  663.5 |
               +--------+--------+--------+--------+--------+-----+--------+

Top non-repeatable levels by time:
     D:3: 1090 daAuts
     D:1: 775 daAuts
     D:2: 477 daAuts
     D:4: 310 daAuts
